 Dungeon Crawl Stone Soup version 0.28.0-62-gf88900778d (webtiles) character file.

Game seed: 2825130026124683492

186 AarnesTheHuman the Shield-Bearer (level 5, 0/47 HPs)
             Began as a Gnoll Fighter on Mar 13, 2023.
             Killed from afar by a white imp (11 damage)
             ... with a puff of frost
             ... on level 4 of the Dungeon.
             The game lasted 00:02:53 (2718 turns).

AarnesTheHuman the Shield-Bearer (Gnoll Fighter)    Turns: 2718, Time: 00:02:53

Health: 0/47       AC: 11    Str: 18    XL:     5   Next: 66%
Magic:  7/7        EV:  9    Int:  7    God:
Gold:   155        SH:  5    Dex: 11    Spells: 7/7 levels left

rFire   . . .      SeeInvis .   a - +0 war axe
rCold   . . .      Faith    .   c - +0 buckler
rNeg    . . .      Spirit   .   b - +0 scale mail
rPois   .          Reflect  .   s - +1 helmet
rElec   .          Harm     .   (no cloak)
rCorr   .          Rampage  .   (no gloves)
Will    .....                   u - +0 pair of boots
Stlth   ..........              (no amulet)
HPRegen 0.15/turn               (no ring)
MPRegen 0.10/turn               (no ring)

@: no status effects
A: fangs 1, strong nose, distributed training
a: no special abilities


You were on level 4 of the Dungeon.
You visited 1 branch of the dungeon, and saw 4 of its levels.

You collected 155 gold pieces.

Inventory:

Hand Weapons
 a - a +0 war axe (weapon)
Missiles
 e - 53 stones (quivered)
 k - 2 poisoned darts
Armour
 b - a +0 scale mail (worn)
 c - a +0 buckler (worn)
 s - a +1 helmet (worn)
 u - a +0 pair of boots (worn)
Jewellery
 n - a +6 ring of strength
Potions
 d - a potion of might
 f - 4 potions of brilliance
 i - a potion of degeneration {unknown}
 m - a potion of magic {unknown}
 o - 2 potions of cancellation {unknown}
 q - a potion of mutation {unknown}
 r - 2 potions of curing {unknown}
 t - a potion of haste {unknown}


   Skills:
 + Level 6.7 Fighting
 + Level 1.6 Short Blades
 + Level 1.6 Long Blades
 + Level 4.8 Axes
 + Level 1.6 Maces & Flails
 + Level 1.6 Polearms
 + Level 1.6 Staves
 + Level 1.6 Slings
 + Level 1.6 Bows
 + Level 1.6 Crossbows
 + Level 1.6 Throwing
 + Level 6.7 Armour
 + Level 1.6 Dodging
 + Level 1.6 Stealth
 + Level 6.7 Shields
 + Level 1.6 Unarmed Combat
 + Level 1.6 Spellcasting
 + Level 1.2 Conjurations
 + Level 1.2 Hexes
 + Level 1.2 Summonings
 + Level 1.2 Necromancy
 + Level 1.2 Translocations
 + Level 1.2 Transmutations
 + Level 1.2 Fire Magic
 + Level 1.2 Ice Magic
 + Level 1.2 Air Magic
 + Level 1.2 Earth Magic
 + Level 1.2 Poison Magic
 + Level 1.8 Invocations
 + Level 1.6 Evocations


You had 7 spell levels left.
You didn't know any spells.
Your spell library contained the following spells:

 Spells                   Type           Power      Damage    Failure   Level
 Magic Dart               Conj           8%         1d3       63%         1
 Searing Ray              Conj           4%         2d4       77%         2
 Fulminant Prism          Conj/Hex       1%         3d6       100%        4


Dungeon Overview and Level Annotations

Branches:
Dungeon (4/15)
 Temple: D:4-7

Altars:
The Shining One

Shops:
D:2 =

Annotations:
D:3 exclusion: downstairs
D:4 Eustachio


Innate Abilities, Weirdness & Mutations

You have very sharp teeth.
Your uncanny sense of smell can sniff out nearby items.
Your experience applies equally to all skills.


Message History

You hit the white imp.
The white imp is moderately wounded.
A white imp comes into view.
The white imp barely misses you.
You barely miss the white imp.
The white imp is moderately wounded.
The white imp gestures at you. The puff of frost hits you.
A quokka comes into view.
You slash the white imp!
You kill the white imp!
The white imp closely misses you.
You hit the white imp. Your bite misses the white imp.
The white imp is lightly wounded.
You barely miss the quokka. The white imp gestures at you.
The puff of frost hits you. The quokka bites you. The white imp hits you.
The white imp freezes you.
You barely miss the white imp.
The white imp is lightly wounded.
You slash the quokka!
You kill the quokka!
The white imp hits you. The white imp freezes you.
You are too injured to fight recklessly!
You are too injured to fight recklessly!
You barely miss the white imp.
The white imp is lightly wounded.
The white imp hits you but does no damage.
An adder skeleton comes into view.
You completely miss the white imp.
The white imp is lightly wounded.
The white imp hits you but does no damage.
The white imp gestures at you. The puff of frost hits you!
* * * LOW HITPOINT WARNING * * *
You slash the white imp! Your bite misses the white imp.
The white imp is almost dead.
The white imp gestures at you. The puff of frost hits you!
You die...

# .#
###.#
#...#
#<#
#@#
#.5#
#Z##
.. ...
....
.....
##....


You could see a white imp and an adder skeleton.

Vanquished Creatures
  A crimson imp (D:3)
  An orc wizard (D:3)
  5 adders
  A white imp (D:4)
  A worm (D:3)
  2 dart slugs
  5 orcs (D:3)
  6 ball pythons
  5 endoplasms
  4 goblins (D:1)
  3 hobgoblins
  4 jackals (D:2)
  2 quokkas
  6 bats
  A frilled lizard (D:1)
  A goblin zombie (D:3)
  3 hobgoblin zombies (D:3)
  6 kobolds
  A kobold zombie (D:3)
  3 orc skeletons (D:3)
  5 rats
66 creatures vanquished.

Notes
Turn   | Place    | Note
-------+----------+-------------------------------------------
     0 | D:1      | AarnesTheHuman the Gnoll Fighter began the quest for the
                  | Orb.
     0 | D:1      | Reached XP level 1. HP: 23/23 MP: 1/1
   128 | D:1      | Reached XP level 2. HP: 29/29 MP: 2/2
   706 | D:2      | Reached XP level 3. HP: 25/35 MP: 3/3
   890 | D:2      | Found Favaut Wohu's Jewellery Emporium.
   936 | D:2      | Reached skill level 1 in Invocations
  1130 | D:2      | Reached skill level 1 in Short Blades
  1130 | D:2      | Reached skill level 1 in Long Blades
  1130 | D:2      | Reached skill level 1 in Maces & Flails
  1130 | D:2      | Reached skill level 1 in Polearms
  1130 | D:2      | Reached skill level 1 in Staves
  1130 | D:2      | Reached skill level 1 in Slings
  1130 | D:2      | Reached skill level 1 in Bows
  1130 | D:2      | Reached skill level 1 in Crossbows
  1130 | D:2      | Reached skill level 1 in Throwing
  1130 | D:2      | Reached skill level 1 in Dodging
  1130 | D:2      | Reached skill level 1 in Stealth
  1130 | D:2      | Reached skill level 1 in Unarmed Combat
  1130 | D:2      | Reached skill level 1 in Spellcasting
  1130 | D:2      | Reached skill level 1 in Evocations
  1130 | D:2      | Reached XP level 4. HP: 39/41 MP: 5/5
  1768 | D:3      | Reached skill level 1 in Conjurations
  1768 | D:3      | Reached skill level 1 in Hexes
  1768 | D:3      | Reached skill level 1 in Summonings
  1768 | D:3      | Reached skill level 1 in Necromancy
  1768 | D:3      | Reached skill level 1 in Translocations
  1768 | D:3      | Reached skill level 1 in Transmutations
  1768 | D:3      | Reached skill level 1 in Fire Magic
  1768 | D:3      | Reached skill level 1 in Ice Magic
  1768 | D:3      | Reached skill level 1 in Air Magic
  1768 | D:3      | Reached skill level 1 in Earth Magic
  1768 | D:3      | Reached skill level 1 in Poison Magic
  1828 | D:3      | Reached XP level 5. HP: 21/47 MP: 6/6
  2139 | D:3      | Found a glowing golden altar of the Shining One.
  2191 | D:3      | Found a faded altar of an unknown god.
  2682 | D:4      | Noticed Eustachio
  2718 | D:4      | Killed from afar by a white imp

Illustrated notes

Levels and vault maps discovered:
D:1:      minmay_arrival_plants_in_alcoves, layout_basic
D:2:      layout_basic, serial_shops, nicolae_shop_window_shopping,
          minmay_cupped
D:3:      layout_basic, nicolae_tso_besieged_by_evil,
          ebering_ecumenical_altar_box
D:4:      layout_rooms, uniq_eustachio

Skill      XL: |  1  2  3  4 |
---------------+-------------+-----
Invocations    | 1 |  1.8
Short Blades   | 1 |  1.6
Long Blades    | 1 |  1.6
Maces & Flails | 1 |  1.6
Polearms       | 1 |  1.6
Staves         | 1 |  1.6
Slings         | 1 |  1.6
Bows           | 1 |  1.6
Crossbows      | 1 |  1.6
Throwing       | 1 |  1.6
Dodging        | 1 |  1.6
Stealth        | 1 |  1.6
Unarmed Combat | 1 |  1.6
Spellcasting   | 1 |  1.6
Evocations     | 1 |  1.6
Conjurations   | 1 |  1.2
Hexes          | 1 |  1.2
Summonings     | 1 |  1.2
Necromancy     | 1 |  1.2
Translocations | 1 |  1.2
Transmutations | 1 |  1.2
Fire Magic     | 1 |  1.2
Ice Magic      | 1 |  1.2
Air Magic      | 1 |  1.2
Earth Magic    | 1 |  1.2
Poison Magic   | 1 |  1.2
Fighting       | |  6.7
Axes           | |  4.8
Armour         | |  6.7
Shields        | |  6.7

Action                   |  1- 3 |  4- 6 || total
-------------------------+-------+-------++-------
Melee: War axe           |    67 |   105 ||   172
       Bite              |     5 |     9 ||    14
  Use: Scroll            |       |     6 ||     6
Armor: Scale mail        |    47 |    42 ||    89
Dodge: Dodged            |    28 |    43 ||    71
Block: Buckler           |    23 |    35 ||    58
